 Dungeon Crawl Stone Soup version 0.27-a0-1140-g099f9bb0e8 (webtiles) character file.

Game seed: 12925274625234898642

28 dickylongcocking the Magician (level 3, 0/27 HPs)
             Began as a Djinni Hedge Wizard on May 8, 2021.
             Slain by a jackal (2 damage)
             ... on level 1 of the Dungeon.
             The game lasted 00:01:23 (2274 turns).

dickylongcocking the Magician (Djinni Hedge Wizard) Turns: 2274, Time: 00:01:23

Health: 0/27       AC:  2    Str:  6 (9)  XL:     3   Next: 12%
Gold:   31         EV: 12    Int: 14 (16) God:
                   SH:  0    Dex: 16 (18)

rFire    + + .     SeeInvis .   g - +0 dagger (speed)
rCold    x . .     Faith    .   (no shield)
rNeg     . . .     Spirit   .   b - +0 robe
rPois    ∞         Reflect  .   c - +0 hat
rElec    .         Harm     .   (no cloak)
rCorr    .         Rampage  .   (no gloves)
Will     .....                  (boots unavailable)
Stlth    ++........             (no amulet)
HPRegen  0.09/turn              d - +6 ring of dexterity
MPRegen  0.00/turn              (no ring)

@: flying
A: sickness immunity, fire resistance 2, cold vulnerability 1, float, innate
caster, hp casting, extra vitality 1
a: no special abilities


You were on level 1 of the Dungeon.
You visited 1 branch of the dungeon, and saw 2 of its levels.

You collected 31 gold pieces.

Inventory:

Hand Weapons
 a - a +0 dagger
 f - a +0 short sword
 g - a +0 dagger of speed (weapon)
Armour
 b - a +0 robe (worn)
 c - a +0 hat (worn)
Jewellery
 d - a +6 ring of dexterity (left hand)
Scrolls
 e - 2 scrolls of magic mapping {unknown}


   Skills:
 + Level 1.1 Fighting
 * Level 0.4 Short Blades
 - Level 2.2 Dodging
 - Level 1.5 Stealth
 * Level 3.3 Spellcasting


You couldn't memorise any spells.
You knew the following spells:

 Your Spells              Type           Power      Damage    Failure   Level
a - Magic Dart            Conj           44%        1d5       5%          1
b - Blink                 Tloc           N/A        N/A       9%          2
c - Call Imp              Summ           11%        N/A       9%          2
d - Slow                  Hex            11%        N/A       9%          2
e - Conjure Flame         Conj/Fire      11%        6-21      16%         3
f - Mephitic Cloud        Conj/Pois/Air  11%        N/A       16%         3
g - Apportation           Tloc           22%        N/A       5%          1
Your spell library was empty.

Dungeon Overview and Level Annotations

Branches:
Dungeon (2/15)

Altars:


Innate Abilities, Weirdness & Mutations

You are immune to sickness and miasma.
You are immune to poison.
Your flesh is very heat resistant. (rF++)
You are vulnerable to cold. (rC-)
You float through the air rather than walking.
You learn spells naturally, not from books.
Your magical power is your life essence.
You have superior vitality. (+4 HP)


Message History

Unknown command.
Unknown command.
The jackal closely misses you. The adder barely misses you.
The bat barely misses your shadow imp. The jackal barely misses you.
Your crimson imp hits the bat.
The bat dies!
The adder bites you.
* * * LOW HITPOINT WARNING * * *
Your shadow imp closely misses the jackal.
You fly upwards.
There is a stone staircase leading down here.
Unknown command.
Unknown command.
Unknown command.
Casting: Call Imp (safe; 9% risk of failure)
Confirm with . or Enter, or press ? or * to list all spells.
A beastly little devil appears in a puff of flame.
* * * LOW HITPOINT WARNING * * *
The jackal bites you.
* * * LOW HITPOINT WARNING * * *
The adder barely misses you.
Unknown command.
Unknown command.
The jackal bites you but does no damage.
The adder barely misses you. The jackal bites you.
* * * LOW HITPOINT WARNING * * *
Your crimson imp barely misses the jackal.
The jackal bites you.
* * * LOW HITPOINT WARNING * * *
Unknown command.
Unknown command.
You aren't carrying any potions.
Unknown command.
Your crimson imp barely misses the jackal.
Your magical contamination has completely faded away.
Your crimson imp blinks!
The jackal closely misses you. The adder barely misses you.
The jackal bites you.
You die...

#............###### #.##...
#.#######.........# #.##... #.#
#########.# #.##### #.#
####.####.# #.# #.......#.# #.#
########.#####.#.### #####.#
#........# #.....# #≈P...#
#.P≈hPS..# #..##.# #P≈.P##
##P≈≈≈@#..# #..##.### #P≈≈P#
#PP≈PPP#..#####........ #≈♣≈P#
#PP≈PP≈#..§........#... #≈P≈≈##
##P≈♣P..........#.....##
#P≈♣PP###PP≈≈PP....>....#...####
#≈P≈≈PP≈#.≈≈P.5.÷.............##
#.P≈♣PP.≈P≈♣P≈.##..............#
#.P≈≈≈PPPP♣≈≈..##...#....).....#
#.P≈≈≈♣P♣♣≈≈P.###...#.......##.#


You could see an adder, a jackal (ally target) and a friendly crimson imp
(summoned).

Vanquished Creatures
  2 ball pythons (D:1)
  2 endoplasms (D:1)
  2 giant cockroaches (D:1)
  A goblin (D:1)
  4 hobgoblins (D:1)
  A jackal (D:1)
  2 quokkas (D:1)
  A bat (D:1)
  3 kobolds (D:1)
  4 rats (D:1)
22 creatures vanquished.

Vanquished Creatures (collateral kills)
  3 jackals
  A bat (D:2)
  A kobold (D:2)
  A rat (D:1)
6 creatures vanquished.

Vanquished Creatures (others)
  2 plants (D:1)
2 creatures vanquished.

Grand Total: 30 creatures vanquished

Notes
Turn   | Place    | Note
-------+----------+-------------------------------------------
     0 | D:1      | dickylongcocking the Djinni Hedge Wizard began the quest
                  | for the Orb.
     0 | D:1      | Reached XP level 1. HP: 15/15 MP: 0/0
   689 | D:1      | Reached skill level 3 in Spellcasting
   689 | D:1      | Reached XP level 2. HP: 15/22 MP: 0/0
  1335 | D:1      | Reached skill level 1 in Fighting
  1840 | D:1      | Reached XP level 3. HP: 16/27 MP: 0/0
  1840 | D:1      | Learned a level 1 spell: Apportation
  2089 | D:1      | Found a faded altar of an unknown god.
  2269 | D:1      | HP: 1/27 [jackal (1)]
  2274 | D:1      | Slain by a jackal

Illustrated notes

Levels and vault maps discovered:
D:1:      zelgadis_glass_arrival_small, layout_loops_ring,
          hellmonk_ecumenical_altar_inner_sanctum,
          chequers_serial_rivers_micro_a, hex_medium, serial_bayou_lagoon_a
D:2:      layout_rooms, hangedman_glass_teeth, feat_on_display, uniq_terence

Skill      XL: |  1  2 |
---------------+-------+-----
Spellcasting   | 3 |  3.3
Fighting       | 1 |  1.1
Short Blades   | |  0.4
Dodging        | |  2.2
Stealth        | |  1.5

Action                   || total
-------------------------++-------
Melee: Dagger            ||    56
       Short sword       ||     1
 Cast: Magic Dart        ||    37
       Call Imp          ||    12
  Use: Potion            ||     1
 Stab: Sleeping          ||     4
Armor: Robe              ||     9
Dodge: Dodged            ||    50

Table legend: (Time is in decaauts)
 A = Elapsed time spent in this place.
 B = Non-inter-level travel time spent in this place.
 C = Inter-level travel time spent in this place.
 D = Time resting spent in this place.
 E = Time spent auto-exploring this place.
 F = Levels seen in this place.
 G = Mean time per level.
                   A        B        C        D        E       F      G
               +--------+--------+--------+--------+--------+-----+--------+
         Total |   2255 |   2217 |     38 |    443 |   1548 |   2 | 1127.5 |
       Dungeon |   2255 |   2217 |     38 |    443 |   1548 |   2 | 1127.5 |
               +--------+--------+--------+--------+--------+-----+--------+

Top non-repeatable levels by time:
     D:1: 2241 daAuts
     D:2: 13 daAuts
